TOP OF THE 1ST |
Kalamazoo Royale with Cheese batting - Pitching for St Charles Sheens : LHP Ben Moody
|
Pitching: LHP Ben Moody
|
|
Batting: RHB Fernando Martínez
|
0-0: Ball 1-0: Foul Ball, location: 2F 1-1: Foul Ball, location: 2F 1-2: Ball 2-2: SINGLE (Groundball, 56D)
|
Batting: LHB Roberto Sandoval
|
0-0: Called Strike 0-1: Swinging Strike 0-2: Strikes out swinging
|
Batting: RHB Alfredo Cortéz
|
0-0: Ball 1-0: Ball 2-0: Swinging Strike 2-1: Foul Ball, location: 2F 2-2: Ball 3-2: Foul Ball, location: 2F 3-2: Ground out 4-3 (Groundball, 4) Fernando Martínez to second
|
Batting: LHB Seung-woo Yi
|
0-0: Ball 1-0: Fly out, F9 (Flyball, 89D)
|
Top of the 1st over - 0 run(s), 1 hit(s), 0 error(s), 1 left on base; Kalamazoo 0 - St Charles 0 |
BOTTOM OF THE 1ST |
St Charles Sheens batting - Pitching for Kalamazoo Royale with Cheese : RHP Eric Richards
|
Pitching: RHP Eric Richards
|
|
Batting: LHB Bob Ware
|
0-0: Ball 1-0: Ball 2-0: Called Strike 2-1: Fly out, F7 (Flyball, 7D)
|
Batting: RHB Dan Tyler
|
0-0: Swinging Strike 0-1: Foul Ball, location: 2F 0-2: Ball 1-2: Strikes out looking
|
Batting: LHB Stan Bates
|
0-0: Ball 1-0: Fly out, F5 (Popup, 5F)
|
Bottom of the 1st over - 0 run(s), 0 hit(s), 0 error(s), 0 left on base; Kalamazoo 0 - St Charles 0 |
TOP OF THE 2ND |
Kalamazoo Royale with Cheese batting - Pitching for St Charles Sheens : LHP Ben Moody
|
Batting: RHB Juan Mendoza
|
0-0: Ball 1-0: Foul Ball, location: 2F 1-1: Ground out 5-3 (Groundball, 5S)
|
Batting: RHB Run-ming Zhu
|
0-0: Called Strike 0-1: Foul Ball, location: 2F 0-2: Ball 1-2: Ball 2-2: Ball 3-2: DOUBLE (Line Drive, 78XD)
|
Batting: LHB Robinson Fernández
|
0-0: Called Strike 0-1: Ball Balk! Run-ming Zhu to third 1-1: Swinging Strike 1-2: Ball 2-2: Ball 3-2: Foul Ball, location: 2F 3-2: Strikes out looking
|
Batting: RHB Jonathan MacVey
|
0-0: Foul Ball, location: 2F 0-1: Ball 1-1: Fly out, F9 (Flyball, 9M)
|
Top of the 2nd over - 0 run(s), 1 hit(s), 0 error(s), 1 left on base; Kalamazoo 0 - St Charles 0 |
BOTTOM OF THE 2ND |
St Charles Sheens batting - Pitching for Kalamazoo Royale with Cheese : RHP Eric Richards
|
Batting: LHB Juan Jose Rojas
|
0-0: Ball 1-0: Ball 2-0: Called Strike 2-1: Foul Ball, location: 2F 2-2: Ground out 1-3 (Groundball, 13S)
|
Batting: LHB Gene Cooper
|
0-0: Ball 1-0: Ball 2-0: SINGLE (Line Drive, 34D)
|
Batting: LHB Larry Howard
|
0-0: Ball 1-0: Fly out, F4 (Popup, 15)
|
Batting: LHB Jason Lambert
|
0-0: Foul Ball, location: 2F 0-1: SINGLE (Flyball, 8RS) Gene Cooper to second Runner from 2nd tries for 3rd, OUT after rundown.
|
Bottom of the 2nd over - 0 run(s), 2 hit(s), 0 error(s), 1 left on base; Kalamazoo 0 - St Charles 0 |
TOP OF THE 3RD |
Kalamazoo Royale with Cheese batting - Pitching for St Charles Sheens : LHP Ben Moody
|
Batting: RHB Jorge Márquez
|
0-0: Swinging Strike 0-1: Ball 1-1: Ball 2-1: Ball 3-1: Foul Ball, location: 2F 3-2: Foul Ball, location: 2F 3-2: Foul Ball, location: 2F 3-2: SINGLE (Groundball, 6D)
|
Batting: RHB Fernando Martínez
|
0-0: Ball 1-0: Called Strike 1-1: Ball 2-1: Foul Ball, location: 2F 2-2: Foul Ball, location: 2F 2-2: Fly out, F6 (Popup, 6)
|
Batting: LHB Roberto Sandoval
|
0-0: Called Strike 0-1: Ball 1-1: Ball 2-1: SINGLE (Line Drive, 4D) Jorge Márquez to second
|
Batting: RHB Alfredo Cortéz
|
0-0: Ball 1-0: Ball 2-0: Called Strike 2-1: Ball 3-1: Called Strike 3-2: SINGLE (Line Drive, 8RS) Jorge Márquez to third Roberto Sandoval to second Runner from 3rd tries for Home, throw and OUT! Roberto Sandoval to third Alfredo Cortéz to second
|
Batting: LHB Seung-woo Yi
|
0-0: Ball 1-0: Foul Ball, location: 2F 1-1: Ball 2-1: Called Strike 2-2: Strikes out swinging
|
Top of the 3rd over - 0 run(s), 3 hit(s), 0 error(s), 2 left on base; Kalamazoo 0 - St Charles 0 |
BOTTOM OF THE 3RD |
St Charles Sheens batting - Pitching for Kalamazoo Royale with Cheese : RHP Eric Richards
|
Batting: SHB Theron Harper
|
0-0: Fly out, F7 (Flyball, 7S)
|
Batting: SHB Richard Bowman
|
0-0: SINGLE (Groundball, 5D)
|
Batting: LHB Bob Ware
|
0-0: Ball 1-0: Swinging Strike 1-1: Fielders Choice at 2nd, 6-4 (Groundball, 56D)
|
Batting: RHB Dan Tyler
|
0-0: Ball 1-0: Ball 2-0: Ball 3-0: Called Strike 3-1: Base on Balls Bob Ware to second
|
Batting: LHB Stan Bates
|
0-0: Ball 1-0: Called Strike 1-1: Fly out, F7 (Flyball, 78D)
|
Bottom of the 3rd over - 0 run(s), 1 hit(s), 0 error(s), 2 left on base; Kalamazoo 0 - St Charles 0 |
TOP OF THE 4TH |
Kalamazoo Royale with Cheese batting - Pitching for St Charles Sheens : LHP Ben Moody
|
Batting: RHB Juan Mendoza
|
0-0: Ball 1-0: Ball 2-0: Called Strike 2-1: Swinging Strike 2-2: Strikes out looking
|
Batting: RHB Run-ming Zhu
|
0-0: Ground out 5-3 (Groundball, 5S)
|
Batting: LHB Robinson Fernández
|
0-0: Ball 1-0: Ground out 4-3 (Groundball, 34)
|
Top of the 4th over - 0 run(s), 0 hit(s), 0 error(s), 0 left on base; Kalamazoo 0 - St Charles 0 |
BOTTOM OF THE 4TH |
St Charles Sheens batting - Pitching for Kalamazoo Royale with Cheese : RHP Eric Richards
|
Batting: LHB Juan Jose Rojas
|
0-0: Called Strike 0-1: Foul Ball, location: 2F 0-2: Foul Ball, location: 2F 0-2: Ball 1-2: Reached on error, E3 (Groundball, 3S)
|
Batting: LHB Gene Cooper
|
0-0: Ball 1-0: Foul Ball, location: 2F 1-1: Swinging Strike 1-2: Fly out, F8 (Flyball, 8RD)
|
Batting: LHB Larry Howard
|
0-0: Called Strike 0-1: Fly out, F8 (Flyball, 8LXD)
|
Batting: LHB Jason Lambert
|
0-0: Ball 1-0: Called Strike 1-1: SINGLE (Groundball, 56D) Juan Jose Rojas to second
|
Batting: SHB Theron Harper
|
0-0: Ball 1-0: Ground out U3 (Groundball, 3S)
|
Bottom of the 4th over - 0 run(s), 1 hit(s), 1 error(s), 2 left on base; Kalamazoo 0 - St Charles 0 |
TOP OF THE 5TH |
Kalamazoo Royale with Cheese batting - Pitching for St Charles Sheens : LHP Ben Moody
|
Batting: RHB Jonathan MacVey
|
0-0: Ball 1-0: SINGLE (Groundball, 6MD)
|
Batting: RHB Jorge Márquez
|
0-0: Called Strike 0-1: SINGLE (Groundball, 6MD) (infield hit) Jonathan MacVey to second
|
Batting: RHB Fernando Martínez
|
0-0: Called Strike 0-1: Ball 1-1: Called Strike 1-2: Strikes out swinging
|
Batting: LHB Roberto Sandoval
|
0-0: Ball 1-0: Called Strike 1-1: Foul Ball, location: 2F 1-2: Strikes out swinging
|
Batting: RHB Alfredo Cortéz
|
0-0: Ball 1-0: Called Strike 1-1: Fly out, F6 (Popup, 5D)
|
Top of the 5th over - 0 run(s), 2 hit(s), 0 error(s), 2 left on base; Kalamazoo 0 - St Charles 0 |
BOTTOM OF THE 5TH |
St Charles Sheens batting - Pitching for Kalamazoo Royale with Cheese : RHP Eric Richards
|
Batting: SHB Richard Bowman
|
0-0: Ball 1-0: Ball 2-0: SINGLE (Flyball, 78S)
|
Batting: LHB Bob Ware
|
0-0: Ball 1-0: Grounds into double play, U4-3 (Groundball, 4M)
|
Batting: RHB Dan Tyler
|
0-0: Ball 1-0: Ball 2-0: Called Strike 2-1: Foul Ball, location: 2F 2-2: Foul Ball, location: 2F 2-2: Ball 3-2: Ground out 5-3 (Groundball, 56S)
|
Bottom of the 5th over - 0 run(s), 1 hit(s), 0 error(s), 0 left on base; Kalamazoo 0 - St Charles 0 |
TOP OF THE 6TH |
Kalamazoo Royale with Cheese batting - Pitching for St Charles Sheens : LHP Ben Moody
|
Batting: LHB Seung-woo Yi
|
0-0: Foul Ball, location: 2F 0-1: SOLO HOME RUN (Flyball, 9D), Distance : 388 ft
|
Batting: RHB Juan Mendoza
|
0-0: Called Strike 0-1: Ball 1-1: Fly out, F8 (Flyball, 8LM)
|
Batting: RHB Run-ming Zhu
|
0-0: Ball 1-0: Ball 2-0: Ball 3-0: Base on Balls
|
Batting: LHB Robinson Fernández
|
0-0: Called Strike 0-1: Foul Ball, location: 2F 0-2: Foul Ball, location: 2F 0-2: Ball 1-2: Foul Ball, location: 2F 1-2: Ball 2-2: Fly out, F8 (Flyball, 8RD)
|
Batting: RHB Jonathan MacVey
|
0-0: Ground out 1-3 (Groundball, 13S)
|
Top of the 6th over - 1 run(s), 1 hit(s), 0 error(s), 1 left on base; Kalamazoo 1 - St Charles 0 |
BOTTOM OF THE 6TH |
St Charles Sheens batting - Pitching for Kalamazoo Royale with Cheese : RHP Eric Richards
|
Batting: LHB Stan Bates
|
0-0: Called Strike 0-1: Foul Ball, location: 2F 0-2: Ball 1-2: Ball 2-2: Fly out, F8 (Popup, 6MD)
|
Batting: LHB Juan Jose Rojas
|
0-0: Swinging Strike 0-1: Ball 1-1: Foul Ball, location: 2F 1-2: Foul Ball, location: 2F 1-2: SINGLE (Groundball, 34D)
|
Batting: LHB Gene Cooper
|
0-0: Called Strike 0-1: Called Strike 0-2: Ball 1-2: Fly out, F7 (Flyball, 7LM)
|
Batting: LHB Larry Howard
|
0-0: Fielders Choice at 2nd, U6 (Groundball, 6M)
|
Bottom of the 6th over - 0 run(s), 1 hit(s), 0 error(s), 1 left on base; Kalamazoo 1 - St Charles 0 |
TOP OF THE 7TH |
Kalamazoo Royale with Cheese batting - Pitching for St Charles Sheens : LHP Ben Moody
|
Pitching: RHP Paco Canpos
|
|
Batting: RHB Jorge Márquez
|
0-0: Swinging Strike 0-1: Ball 1-1: Reached on error, E4 (Groundball, 13)
|
Pitching: RHP Álex Villegas
|
|
Batting: RHB Fernando Martínez
|
0-0: Sac Bunt - play at first, batter OUT! 1-4 Jorge Márquez to second
|
Batting: LHB Roberto Sandoval
|
0-0: Ball 1-0: Foul Ball, location: 2F 1-1: Ball 2-1: Swinging Strike 2-2: Ball 3-2: Base on Balls
|
Batting: RHB Alfredo Cortéz
|
0-0: Ball 1-0: DOUBLE (Line Drive, 7LS) Jorge Márquez scores Roberto Sandoval to third
|
Batting: LHB Seung-woo Yi
|
0-0: Ball 1-0: Ball 2-0: Called Strike 2-1: Foul Ball, location: 2F 2-2: Strikes out looking
|
Pitching: RHP Tsugahara Suzuki
|
|
Batting: RHB Juan Mendoza
|
0-0: Ground out 5-3 (Groundball, 5)
|
Top of the 7th over - 1 run(s), 1 hit(s), 1 error(s), 2 left on base; Kalamazoo 2 - St Charles 0 |
BOTTOM OF THE 7TH |
St Charles Sheens batting - Pitching for Kalamazoo Royale with Cheese : RHP Eric Richards
|
Batting: LHB Jason Lambert
|
0-0: Ball 1-0: Swinging Strike 1-1: Ball 2-1: Ball 3-1: Ground out 3-1 (Groundball, 3)
|
Batting: SHB Theron Harper
|
0-0: Called Strike 0-1: Ground out 5-3 (Groundball, 56)
|
Batting: SHB Richard Bowman
|
0-0: Called Strike 0-1: Swinging Strike 0-2: Foul Ball, location: 2F 0-2: Fly out, F6 (Popup, 56D)
|
Bottom of the 7th over - 0 run(s), 0 hit(s), 0 error(s), 0 left on base; Kalamazoo 2 - St Charles 0 |
TOP OF THE 8TH |
Kalamazoo Royale with Cheese batting - Pitching for St Charles Sheens : RHP Tsugahara Suzuki
|
Batting: RHB Run-ming Zhu
|
0-0: Ball 1-0: Ball 2-0: Swinging Strike 2-1: Ball 3-1: Foul Ball, location: 2F 3-2: Ground out 3-1 (Groundball, 34)
|
Batting: LHB Robinson Fernández
|
0-0: Called Strike 0-1: Ball 1-1: Ball 2-1: Called Strike 2-2: Strikes out swinging
|
Batting: RHB Jonathan MacVey
|
0-0: Swinging Strike 0-1: Ground out 6-3 (Groundball, 6)
|
Top of the 8th over - 0 run(s), 0 hit(s), 0 error(s), 0 left on base; Kalamazoo 2 - St Charles 0 |
BOTTOM OF THE 8TH |
St Charles Sheens batting - Pitching for Kalamazoo Royale with Cheese : RHP Eric Richards
|
Batting: LHB Bob Ware
|
0-0: Swinging Strike 0-1: Swinging Strike 0-2: Ground out 4-3 (Groundball, 34)
|
Batting: RHB Dan Tyler
|
0-0: Foul Ball, location: 2F 0-1: SINGLE (Line Drive, 4MD)
|
Batting: LHB Stan Bates
|
0-0: Fly out, F8 (Flyball, 8RM)
|
Pitching: LHP Morgan McDormand
|
|
Batting: LHB Juan Jose Rojas
|
0-0: Called Strike 0-1: Ball 1-1: Ball 2-1: Foul Ball, location: 2F 2-2: Foul Ball, location: 2F 2-2: Fly out, F3 (Popup, 34S)
|
Bottom of the 8th over - 0 run(s), 1 hit(s), 0 error(s), 1 left on base; Kalamazoo 2 - St Charles 0 |
TOP OF THE 9TH |
Kalamazoo Royale with Cheese batting - Pitching for St Charles Sheens : RHP Tsugahara Suzuki
|
Batting: RHB Jorge Márquez
|
0-0: Ball 1-0: Ball 2-0: Swinging Strike 2-1: Fly out, F9 (Flyball, 89M)
|
Batting: RHB Fernando Martínez
|
0-0: Called Strike 0-1: Called Strike 0-2: Ground out 1-3 (Groundball, 15)
|
Batting: LHB Roberto Sandoval
|
0-0: Called Strike 0-1: Fly out, F8 (Flyball, 8RS)
|
Top of the 9th over - 0 run(s), 0 hit(s), 0 error(s), 0 left on base; Kalamazoo 2 - St Charles 0 |
BOTTOM OF THE 9TH |
St Charles Sheens batting - Pitching for Kalamazoo Royale with Cheese : LHP Morgan McDormand
|
Pitching: RHP Roberto Ledesma
|
|
Batting: LHB Gene Cooper
|
0-0: Foul Ball, location: 2F 0-1: Ground out 6-3 (Groundball, 6)
|
Batting: LHB Larry Howard
|
0-0: Called Strike 0-1: Foul Ball, location: 2F 0-2: Ball 1-2: Foul Ball, location: 2F 1-2: Strikes out swinging
|
Batting: LHB Jason Lambert
|
0-0: Ball 1-0: Swinging Strike 1-1: Foul Ball, location: 2F 1-2: Ball 2-2: Strikes out swinging, 2-3 out at first.
|
Bottom of the 9th over - 0 run(s), 0 hit(s), 0 error(s), 0 left on base; Kalamazoo 2 - St Charles 0 |
|